AoeStats
← [63e] JiNxR8

Arabia

506889677Analyzed
1v1 RM · 17d ago on Sep 15, 2026· 44m 26s· 2 players
Game mode
Random Map
Map size
Tiny (2 player)
Population
200
Speed
Normal
Resources
Standard
Victory
Conquest
Starting age
Dark Age
Ending age
Imperial Age
RankedLock teamsTeams togetherTeam positionsShared explorationLock speedFull tech treeHidden civsTurbo modeCheats
Victory
Defeat
🇬🇧 Vikings · United Kingdom
935
+16
🇦🇺 Vikings · Australia
942
-16
[63e] JiNxR8
10:30 Feudal Age
10:43 Feudal Age
11:21 Man-at-Arms
13:30 Arson
14:45 Scale Mail Armor
15:19 Horse Collar
18:40 Forging
21:46 Double-Bit Axe
22:23 Fletching
23:11 Loom
28:29 Castle Age
26:39 Padded Archer Armor
28:43 Crossbowman
29:28 Bodkin Arrow
31:22 Leather Archer Armor
32:41 Ballistics
33:27 Bow Saw
36:30 Iron Casting
36:02 Scale Barding Armor
38:39 Pikeman
39:22 Squires
39:42 Gold Mining
39:58 Stone Mining
Swashbuckler
11:39 Feudal Age
9:56 Loom
12:52 Man-at-Arms
25:25 Castle Age
26:13 Fletching
33:16 Town Watch
34:48 Scale Barding Armor
38:46 Forging
Connection lost

Rejoining the realm…

Still unreachable

The connection could not be restored.

Session expired

The server has moved on; the page needs a fresh start.